 Dungeon Sprint DCSS version 0.30-a0-1160-g6e42c06551 (webtiles) character file.

Game seed: 4008524198277014984

6 Djinni the Caller (level 1, -19/9 HPs)
             Began as a Felid Summoner on Apr 25, 2023.
             Demolished by a sleepcap (22 damage)
             ... in the Dungeon (Sprint IX: "|||||||||||||||||||||||||||||").
             The game lasted 00:01:57 (115 turns).

Djinni the Caller (Felid Summoner)                   Turns: 115, Time: 00:01:58

Health: -19/9      AC:  1    Str:  4    XL:     1   Next: 75%
Magic:  3/5        EV:  4    Int: 16    God:
Gold:   0          SH:  0    Dex: 16    Spells: 4/5 levels left
                                        Lives:  0   Deaths: 0

rFire   . . .        (weapon unavailable)
rCold   . . .        (shield unavailable)
rNeg    . . .        (body armour unavailable)
rPois   .            (helmet unavailable)
rElec   .            (cloak unavailable)
rCorr   .            (gloves unavailable)
SInv    +            (boots unavailable)
Will    .....        (no amulet)
Stlth   ++           (no ring)
HPRegen 0.21/turn    (no ring)
MPRegen 0.09/turn

%: no teleportation
@: sleeping, quick
A: very small, claws 1, fangs 3, see invisible, speed 1, shaggy fur 1, stealthy
paws, no weapons or thrown items, no armour, multi-lived
a: no special abilities


You were in the Dungeon.
You visited 1 branch

Inventory:

Scrolls
 f - a scroll of blinking
Potions
 a - a potion of magic
 b - a potion of curing
 c - a potion of heal wounds
 d - a potion of haste
 e - a potion of berserk rage


   Skills:
 + Level 1.0 Fighting
 * Level 3.6 Dodging
 + Level 3.3 Stealth
 * Level 2.6 Spellcasting
 + Level 4.2 Summonings


You had 4 spell levels left.
You knew the following spells:

 Your Spells              Type           Power      Damage    Failure   Level
a - Summon Small Mammal   Summ           60%        N/A       3%          1

Your spell library contained the following spells:

 Spells                   Type           Power      Damage    Failure   Level
 Call Imp                 Summ           30%        N/A       5%          2
 Call Canine Familiar     Summ           15%        N/A       11%         3
 Summon Guardian Golem    Hex/Summ       8%         N/A       24%         3
 Summon Lightning Spire   Summ/Air       8%         N/A       63%         4


Dungeon Overview and Level Annotations

Branches:
Dungeon (1/1)

Altars:


Innate Abilities, Weirdness & Mutations

You have sharp claws.
You have razor-sharp teeth.
You have supernaturally acute eyesight. (SInv)
You cover ground quickly. (Speed+)
You are covered in fur. (AC +1)
Your paws help you pounce on unaware monsters.
You are incapable of wielding weapons or throwing items.
You cannot wear armour.
You gain extra lives every three experience levels.


Message History

The gnoll bouda gazes fiercely through you!
You feel your attacks grow feeble.
The sleepcap releases spores at your quokka.
Unknown command.
Your attacks no longer feel as feeble.
Your quokka bites the sleepcap.
The sleepcap releases spores at your quokka.
Your quokka dies!
Your quokka's corpse disappears in a puff of smoke!
Your rat bites the sleepcap.
The sleepcap releases spores at your rat!
Your rat dies!
Your rat's corpse disappears in a puff of smoke!
The sleepcap releases spores at your quokka!
Your quokka dies!
Your quokka's corpse disappears in a puff of smoke!
The sleepcap releases spores at your rat!
Your rat dies!
Your rat's corpse disappears in a puff of smoke!
Magic courses through your body. The sleepcap misses your quokka.
Your quokka bites the sleepcap.
The sleepcap releases spores at your quokka.
Your quokka is engulfed in a cloud of soporific spores!
Your quokka bites the sleepcap but does no damage.
The sleepcap releases spores at your quokka!
Your quokka dies!
Your quokka's corpse disappears in a puff of smoke!
The sleepcap releases spores at your rat.
Your rat dies!
Your rat's corpse disappears in a puff of smoke!
The sleepcap releases spores at you!
Ouch! That really hurt!
* * * LOW HITPOINT WARNING * * *
You are engulfed in a cloud of soporific spores!
You fall asleep.
The sleepcap barely misses you. The sleepcap releases spores at you!!
Ouch! That really hurt!
You die... ▓▓▓▓▓▓▓▓▓▓▓▓▓▓▓▓▓▓ ▓<@fgSW...gS..W.h+ ▓▓▓▓▓▓▓▓▓▓▓▓▓▓▓▓▓▓

You could see a phantom, a sleepcap, a gnoll bouda and an adder.

Vanquished Creatures (collateral kills)
  A bat (D)
  An endoplasm (D)
  A goblin (D)
  A hobgoblin (D)
  A frilled lizard (D)
5 creatures vanquished.

Notes
Turn   | Place    | Note
-------+----------+-------------------------------------------
     0 | D        | Djinni the Felid Summoner began the quest for the Orb.
     0 | D        | Reached XP level 1. HP: 7/7 MP: 4/4
    39 | D        | Reached skill level 1 in Fighting
    62 | D        | Noticed a sleepcap
    62 | D        | Noticed a gnoll bouda
    62 | D        | Noticed a phantom
   115 | D        | Demolished by a sleepcap

Illustrated notes

Levels and vault maps discovered:
D:        linesprint [early_d, line_temple, items_1, d_10, items_2, lair_1,
          lair_end, items_3, orc_1, orc_end, items_4, d_15, swamp_1, shoals_1,
          snake_1, spider_1, d_20, vaults_1, items_5, swamp_end, shoals_end,
          snake_end, spider_end, vaults_end, d_27, items_6, zot_1, zot_end,
          crypt_end, forest_end, elf_end, slime_end, tomb_end, abyss_end,
          pan_hell_end]

Skill      XL: |  1 |
---------------+----+-----
Dodging        | 3 |  3.6
Stealth        | 3 |  3.3
Fighting       | 1 |  1.0
Spellcasting   | |  2.6
Summonings     | |  4.2

Action                     || total
---------------------------++-------
   Cast: Summon Small Mamm ||    17
    Use: Potion            ||     2
 Armour: Skin              ||     1
  Dodge: Dodged            ||     1

Table legend: (Time is in decaauts)
 A = Elapsed time spent in this place.
 B = Non-inter-level travel time spent in this place.
 C = Inter-level travel time spent in this place.
 D = Time resting spent in this place.
 E = Time spent auto-exploring this place.
 F = Levels seen in this place.
 G = Mean time per level.
                   A        B        C        D        E       F      G
               +--------+--------+--------+--------+--------+-----+--------+
         Total |    108 |    108 |      0 |     10 |      0 |   1 |  108.0 |
       Dungeon |    108 |    108 |      0 |     10 |      0 |   1 |  108.0 |
               +--------+--------+--------+--------+--------+-----+--------+

Top non-repeatable levels by time:
       D: 108 daAuts
